AoeStats
← AOKI_Shogi

Arabia

509743996Analyzed
4v4 RM · 5d ago on Sep 27, 2026· 52m 20s· 8 players
Game mode
Random Map
Map size
Large (8 player)
Population
200
Speed
Normal
Resources
Standard
Victory
Conquest
Starting age
Dark Age
Ending age
Imperial Age
RankedLock teamsTeams togetherTeam positionsShared explorationLock speedFull tech treeHidden civsTurbo modeCheats
Victory
Defeat
🇫🇷 Franks · France
1473
+14
🇫🇷 Magyars · France
1408
+17
🇫🇷 Britons · France
1397
+17
🇫🇷 Japanese · France
1326
+20
🇩🇪 Slavs · Germany
1437
-18
🇺🇸 Teutons · United States
1433
-17
🇫🇮 Poles · Finland
1427
-17
🇲🇽 Cumans · Mexico
1397
-16
Yoalliperro
12:00 Feudal Age
11:00 Loom
21:48 Fletching
23:05 Wheelbarrow
22:55 Padded Archer Armor
28:32 Castle Age
35:38 Thumb Ring
36:35 Leather Archer Armor
36:20 Bodkin Arrow
37:42 Leather Archer Armor
38:16 Hand Cart
39:15 Bloodlines
39:20 Double-Bit Axe
49:36 Imperial Age
mikeymazko
6:16 Loom
9:22 Feudal Age
9:55 Double-Bit Axe
15:11 Scale Barding Armor
15:55 Horse Collar
18:41 Forging
20:52 Bloodlines
24:21 Castle Age
23:59 Gold Mining
25:11 Wheelbarrow
25:32 Chain Barding Armor
25:23 Bow Saw
25:43 Heavy Plow
25:55 Town Watch
27:38 Iron Casting
30:05 Hand Cart
34:15 Stone Mining
36:49 Fletching
41:22 Bodkin Arrow
44:40 Imperial Age
42:58 Stone Shaft Mining
44:52 Cavalier
46:08 Plate Barding Armor
46:34 Blast Furnace
45:56 Conscription
46:08 Paladin
48:23 Chemistry
47:46 Crenellations
49:12 Ballistics
51:03 Masonry
rikardo_latino
0:29 Loom
10:11 Feudal Age
14:24 Forging
15:15 Bloodlines
16:44 Wheelbarrow
18:18 Scale Barding Armor
25:37 Castle Age
23:58 Double-Bit Axe
25:09 Horse Collar
25:46 Light Cavalry
26:26 Husbandry
28:05 Chain Barding Armor
28:58 Hand Cart
37:38 Iron Casting
38:48 Town Watch
45:04 Imperial Age
45:12 Detinets
46:20 Plate Barding Armor
47:47 Blast Furnace
47:13 Conscription
50:43 Elite Boyar
engarvi
4:58 Loom
15:28 Feudal Age
16:47 Double-Bit Axe
18:59 Horse Collar
23:22 Castle Age
21:20 Stone Mining
23:37 Gold Mining
25:05 Bow Saw
25:38 Szlachta Privileges
26:37 Heavy Plow
31:54 Wheelbarrow
31:52 Scale Barding Armor
33:37 Chain Barding Armor
33:52 Bloodlines
36:03 Hand Cart
35:46 Guard Tower
36:20 Fletching
38:52 Forging
38:49 Husbandry
40:09 Iron Casting
AOKI_Shogi
6:37 Loom
9:01 Feudal Age
12:05 Fletching
17:13 Padded Archer Armor
19:11 Wheelbarrow
18:54 Horse Collar
19:23 Gold Mining
20:37 Double-Bit Axe
21:41 Town Watch
25:02 Castle Age
25:04 Crossbowman
25:40 Bodkin Arrow
26:20 Bow Saw
26:45 Leather Archer Armor
27:33 Ballistics
29:15 Thumb Ring
33:08 Hand Cart
33:30 Gold Shaft Mining
32:47 Stone Mining
33:42 Heavy Plow
42:32 Imperial Age
41:52 Guard Tower
42:55 Yasama
42:37 Arbalester
43:18 Bracer
44:25 Chemistry
44:13 Keep
44:33 Ring Archer Armor
44:16 Arrowslits
44:58 Pikeman
45:39 Scale Mail Armor
46:42 Two-Man Saw
45:41 Murder Holes
47:06 Siege Engineers
47:11 Halberdier
48:18 Forging
49:23 Chain Mail Armor
49:44 Iron Casting
49:11 Squires
48:57 Arson
51:12 Plate Mail Armor
52:41 Blast Furnace
Msp
5:58 Loom
9:00 Feudal Age
11:05 Double-Bit Axe
18:38 Horse Collar
19:06 Scale Barding Armor
24:42 Castle Age
23:24 Bloodlines
24:50 Gold Mining
24:45 Light Cavalry
25:48 Chain Barding Armor
25:44 Husbandry
31:27 Wheelbarrow
34:46 Gold Shaft Mining
38:06 Stone Mining
39:51 Hand Cart
40:54 Fletching
41:48 Bow Saw
42:12 Bodkin Arrow
46:29 Imperial Age
45:20 Town Watch
47:12 Heavy Plow
46:35 Cavalier
49:31 Plate Barding Armor
50:12 Paladin
53:22 Two-Man Saw
atchoubaka
6:12 Loom
6:36 Loom
9:35 Feudal Age
13:28 Fletching
22:37 Wheelbarrow
26:00 Castle Age
26:32 Double-Bit Axe
26:11 Crossbowman
26:47 Bodkin Arrow
27:30 Padded Archer Armor
29:12 Hand Cart
29:13 Leather Archer Armor
31:50 Ballistics
42:00 Imperial Age
42:44 Bracer
43:46 Chemistry
42:08 Arbalester
43:51 Ring Archer Armor
45:09 Yeomen
45:47 Conscription
Daniel Chassagnez
6:25 Loom
8:50 Feudal Age
10:35 Double-Bit Axe
17:02 Wheelbarrow
23:33 Castle Age
21:25 Fletching
21:42 Scale Barding Armor
23:19 Forging
23:41 Light Cavalry
25:42 Husbandry
26:34 Bow Saw
28:17 Gold Mining
29:48 Gold Shaft Mining
30:40 Chain Barding Armor
32:01 Iron Casting
33:18 Hand Cart
33:58 Town Watch
42:55 Imperial Age
44:24 Plate Barding Armor
43:14 Cavalier
44:55 Blast Furnace
46:40 Paladin
47:44 Stone Mining
50:30 Masonry
Connection lost

Rejoining the realm…

Still unreachable

The connection could not be restored.

Session expired

The server has moved on; the page needs a fresh start.